 Dungeon Crawl Stone Soup version 0.18.1-48-g4cf74bf (webtiles) character file.

182 Olliebop the Skirmisher (level 5, 0/42 HPs)
             Began as a Demonspawn Berserker on Aug 3, 2016.
             Was an Initiate of Makhleb.
             Slain by a polar bear (3 damage)
             ... created by the rage of Trog
             ... on level 3 of the Dungeon.
             The game lasted 00:29:56 (4269 turns).

Olliebop the Skirmisher (Demonspawn Berserker)      Turns: 4269, Time: 00:29:58

Health: 0/42       AC: 19    Str: 16 (18) XL:     5   Next: 34%
Magic:  5/5        EV:  7    Int:  6 (8)  God:    Makhleb [......]
Gold:   132        SH:  0    Dex: 11 (13) Spells: 0 memorised, 4 levels left

rFire  . . .     SeeInvis .     e - +2 short sword (protect)
rCold  . . .     Gourm    .     m - +0 chain mail
rNeg   . . .     Faith    .     (no shield)
rPois  .         Spirit   .     g - +1 helmet
rElec  .         Dismiss  .     (no cloak)
rCorr  .         Reflect  .     (no gloves)
SustAt .         Harm     .     (no boots)
MR     .....                    (no amulet)
Stlth  ..........               (no ring)
                                (no ring)

@: about to teleport, not resistant to hostile enchantments, extremely
unstealthy
A: slimy green scales 2, spiny 1
a: Renounce Religion


You were on level 3 of the Dungeon.
You worshipped Makhleb.
Makhleb was noncommittal.
You were not hungry.

You visited 1 branch of the dungeon, and saw 4 of its levels.

You collected 132 gold pieces.

Inventory:

Hand Weapons
 a - a +0 hand axe
 c - a +0 glaive
 e - a +2 short sword of protection (weapon)
 h - a +0 hunting sling
Missiles
 f - 28 stones (quivered)
 k - 37 arrows
Armour
 b - a +0 animal skin
 g - a +1 helmet (worn)
 m - a +0 chain mail (worn)
 o - a +0 helmet
Jewellery
 n - a cursed ring of teleportation {unknown}
Potions
 j - a potion of curing
 l - a potion of degeneration
Comestibles
 i - 2 bread rations


   Skills:
 + Level 4.1 Fighting
 * Level 2.1 Short Blades
 - Level 2.9 Axes
 + Level 2.6 Armour
 + Level 2.8 Dodging


You had 4 spell levels left.
You didn't know any spells.

Dungeon Overview and Level Annotations

Branches:
Dungeon (4/15)
 Temple: D:4-7

Altars:
Makhleb
Nemelex Xobeh
Vehumet


Innate Abilities, Weirdness & Mutations

You are mostly covered in slimy green scales (AC +3).
You are partially covered in sharp spines.


Message History

Ouch! That really hurt!
The polar bear barely misses you. The polar bear claws you.
* * * LOW HITPOINT WARNING * * *
The polar bear bites you but does no damage.
The polar bear claws you but does no damage. x2
The worm is struck by your spines. The worm bites you but does no damage.
Read which item? (? for menu, Esc to quit)
As you read the scroll of teleportation, it crumbles to dust.
You feel strangely unstable.
The polar bear bites you but does no damage.
The polar bear barely misses you.
The polar bear claws you but does no damage.
The polar bear bites you but does no damage.
The polar bear misses you. The polar bear barely misses you.
The polar bear is struck by your spines.
The polar bear bites you!
* * * LOW HITPOINT WARNING * * *
The polar bear claws you but does no damage.
The polar bear claws you.
You die...

#.### .......
≈≈≈≈.P. #.# ......
≈≈≈P... #.#
.###....###.≈≈..##
#.#
≈≈#......#≈≈≈P....
#.# ≈≈........
≈≈..P.# #.# ≈≈
#...... ≈≈≈.##. #.#
≈.###..h.###)≈≈.P..
#.#
≈≈#...h@w#)≈≈≈..##
#.#
≈≈....hhh.≈≈≈P..P.
#.#
≈≈#....h.#≈≈P.##.#
#.# ##....###≈..P.#
#.# #......# ...###
#.# #......# ####
##[# ###.####
##..### #.# #......
#.# #......


You could see 4 polar bears, 2 black bears and a worm.

Vanquished Creatures
  A hound (D:3)
  Robin (D:2)
  7 adders
  2 worms (D:3)
  2 dart slugs
  4 orcs (D:3)
  10 bats
  A giant cockroach (D:2)
  13 goblins
  5 hobgoblins
  2 jackals (D:1)
  5 kobolds
  3 quokkas
  2 ball pythons
  4 giant newts
  6 rats (D:1)
68 creatures vanquished.

Notes
Turn   | Place    | Note
--------------------------------------------------------------
     0 | D:1      | Olliebop the Demonspawn Berserker began the quest for the Orb.
     0 | D:1      | Reached XP level 1. HP: 18/18 MP: 1/1
   314 | D:1      | Gained mutation: You are partially covered in slimy green scales (AC +2). [demonic ancestry]
   314 | D:1      | Reached XP level 2. HP: 16/24 MP: 2/2
  1376 | D:1      | Reached ** piety under Trog
  1657 | D:2      | Found a sparkling altar of Nemelex Xobeh.
  1909 | D:2      | Gained mutation: You are mostly covered in slimy green scales (AC +3). [demonic ancestry]
  1909 | D:2      | Reached XP level 3. HP: 26/29 MP: 3/3
  2108 | D:2      | Reached skill level 1 in Short Blades
  3366 | D:3      | Reached XP level 4. HP: 29/37 MP: 4/4
  3724 | D:2      | Found a radiant altar of Vehumet.
  3725 | D:2      | Noticed Robin
  3775 | D:2      | Reached skill level 4 in Fighting
  3801 | D:2      | Gained mutation: You are partially covered in sharp spines. [demonic ancestry]
  3801 | D:2      | Reached XP level 5. HP: 42/42 MP: 5/5
  3804 | D:2      | Killed Robin
  3930 | D:2      | Found a burning altar of Makhleb.
  3947 | D:2      | Fell from the grace of Trog
  3947 | D:2      | Became a worshipper of Makhleb the Destroyer
  3983 | D:2      | You fall through a shaft for 2 floors!
  4267 | D:3      | Noticed a polar bear
  4267 | D:3      | Noticed a black bear
  4267 | D:3      | Noticed a black bear
  4267 | D:3      | Noticed a polar bear
  4267 | D:3      | Noticed a polar bear
  4267 | D:3      | Noticed a polar bear
  4269 | D:3      | Slain by a polar bear

Skill      XL: |  1  2  3  4 |
---------------+-------------+-----
Dodging        | 2 |  2.8
Armour         | 2 |  2.6
Short Blades   | 1 2 |  2.1
Fighting       | 4 |  4.1
Axes           | |  2.9

Action                   |  1- 3 |  4- 6 || total
-------------------------+-------+-------++-------
Melee: Hand axe          |    41 |       ||    41
       Short sword       |   119 |   109 ||   228
  Use: Scroll            |     4 |     3 ||     7
       Potion            |     2 |     1 ||     3
  Eat: Bread ration      |     1 |       ||     1
       Meat ration       |     1 |       ||     1
       Beef jerky        |     1 |       ||     1
Armor: Animal skin       |   128 |    20 ||   148
       Chain mail        |       |    68 ||    68
Dodge: Dodged            |   196 |    68 ||   264
